 Dungeon Crawl Stone Soup version 0.13.1-27-ga479965 (webtiles) character file.

8988 Badjas the Archer (level 11, -12/72 HPs)
             Began as a Demonspawn Hunter on Feb 4, 2014.
             Was a Priest of Fedhas (penitent).
             Mangled by a minotaur
             ... wielding the +11,+11 morningstar "Eos" {elec, -Tele rElec SInv}
              (40 damage)
             ... in a labyrinth on Feb 7, 2014.
             The game lasted 04:47:44 (17303 turns).

Badjas the Archer (Demonspawn Hunter)              Turns: 17303, Time: 04:47:45

HP -12/72        AC 11     Str 10      XL: 11   Next:  9%
MP   0/24        EV  9     Int 16      God: *Fedhas
Gold 562         SH  0     Dex 20      Spells:  3 memorised, 13 levels left

Res.Fire  : . . .   See Invis. : .     - Unarmed
Res.Cold  : . . .   Warding    : .   H - +2 ring mail
Life Prot.: . . .   Conserve   : .   (no shield)
Res.Poison: .       Res.Corr.  : .   g - +0 helmet
Res.Elec. : .       Clarity    : .   (no cloak)
Sust.Abil.: + .     Spirit.Shd : +   (no gloves)
Res.Mut.  : .       Stasis     : .   D - +0 pair of boots
Res.Rott. : .       Flight     : .   (no amulet)
Saprovore : . . .                    R - ring of sustain abilities
                                     f - ring of sustenance

@: stone skin, somewhat resistant to hostile enchantments, very stealthy
A: talons 2, magic shield, Str -2, Dex +6
a: Renounce Religion


You were in a labyrinth.
You worshipped Fedhas.
Fedhas was demanding penance.
You were full.

You visited 3 branches of the dungeon, and saw 12 of its levels.
You also visited: Labyrinth.

You collected 646 gold pieces.
You spent 104 gold pieces at shops.

Inventory:

Hand weapons
 b - a +1,+1 bow
Missiles
 z - 32 stones (quivered)
 M - 2 arrows of flame
Armour
 g - a +0 helmet (worn)
 D - a +0 pair of boots (worn)
 H - a +2 ring mail (worn)
Magical devices
 m - a wand of flame (0)
 x - a wand of slowing (4)
 I - a wand of confusion (10)
 K - a wand of fire (5)
 Q - a wand of magic darts (0)
 X - a wand of paralysis (8)
Comestibles
 c - 3 royal jellies
 i - 2 meat rations
 B - a choko
 C - 10 strawberries
 N - a rambutan
 S - a bread ration
 T - 2 apples
Scrolls
 d - a scroll of noise {unknown}
 k - 2 scrolls of identify
 l - a scroll of fear
 o - 2 scrolls of enchant weapon I {unknown}
 q - 4 scrolls of blinking
 r - a scroll of recharging
 t - a scroll of immolation {unknown}
 u - a scroll of curse weapon {unknown}
 v - a scroll of magic mapping
 w - a scroll of enchant weapon II {unknown}
 F - 3 scrolls of teleportation
 O - a scroll of enchant armour
 V - a scroll of amnesia
 Z - a scroll of brand weapon {unknown}
Jewellery
 f - a ring of sustenance (left hand)
 h - an uncursed ring of magical power
 R - a ring of sustain abilities (right hand)
Potions
 a - a potion of confusion {unknown}
 j - 2 potions of brilliance
 p - 2 potions of restore abilities
 s - a potion of heal wounds
 E - 3 potions of curing
Books
 n - a book of Transfigurations

   Spells                             Type                      Level
   *Stoneskin                         Transmutation/Earth          2
   Polymorph                          Hexes/Transmutation          4
   Ice Form                           Ice/Transmutation            4
   Statue Form                        Transmutation/Earth          6
   Dragon Form                        Transmutation                7
 A - a book of the Tempests

   Spells                             Type                      Level
   *Static Discharge                  Conjuration/Air              3
   Lightning Bolt                     Conjuration/Air              5
   Fireball                           Conjuration/Fire             5
   Tornado                            Air                          9
   Shatter                            Earth                        9
 G - a book of Maledictions

   Spells                             Type                      Level
   Corona                             Hexes                        1
   Sure Blade                         Hexes/Charms                 2
   Ensorcelled Hibernation            Hexes/Ice                    2
   Confuse                            Hexes                        3
   Enslavement                        Hexes                        4
   Invisibility                       Hexes                        6
 P - a book of Changes

   Spells                             Type                      Level
   Beastly Appendage                  Transmutation                1
   Sticks to Snakes                   Transmutation                2
   Spider Form                        Transmutation/Poison         3
   Ice Form                           Ice/Transmutation            4
   *Blade Hands                       Transmutation                5


   Skills:
 - Level 1.0 Fighting
 - Level 9.3 Bows
 - Level 0.6 Armour
 - Level 1.9 Dodging
 - Level 5.4 Stealth
 + Level 2.2 Unarmed Combat
 - Level 6.9 Spellcasting
 - Level 7.3 Transmutations
 - Level 4.0 Earth Magic
 - Level 6.2 Invocations
 - Level 1.2 Evocations


You had 13 spell levels left.
You knew the following spells:

 Your Spells              Type           Power        Failure   Level  Hunger
a - Stoneskin             Trmt/Erth      ###.......   4%          2    None
b - Static Discharge      Conj/Air       #.......     75%         3    ##.....
c - Blade Hands           Trmt           ####......   30%         5    #####..


Dungeon Overview and Level Annotations

Branches:
Dungeon (9/27)             Temple (1/1) D:4             Orc (0/4) D:9
   Lair (2/8) D:9

Altars:
Ashenzari
Cheibriados
Elyvilon
Fedhas
Kikubaaqudgha
Makhleb
Nemelex Xobeh
Okawaru
Sif Muna
Trog
Vehumet
Xom
Yredelemnul
Zin
the Shining One

Shops:
D:7 !


Innate Abilities, Weirdness & Mutations

You have razor-sharp toenails.
You have an unnaturally thin skeletal structure (Dex +6, Str -2, Stlth).
When hurt, damage is shared between your health and your magic reserves.


Message History

The minotaur hits you with the +11,+11 morningstar "Eos" {elec, -Tele rElec SInv}!
You are electrocuted!
* * * LOW HITPOINT WARNING * * *
The minotaur gores you.
* * * LOW HITPOINT WARNING * * *
Evoke which item? (* to show all) (? for menu, Esc to quit)
Okay, then.
You continue eating.
The minotaur hits you with the +11,+11 morningstar "Eos" {elec, -Tele rElec SInv}.
* * * LOW HITPOINT WARNING * * *
The minotaur gores you!
* * * LOW HITPOINT WARNING * * *
You finish eating.
That royal jelly was delicious!
You feel your dexterity returning.
Drink which item? (? for menu, Esc to quit)
You feel much better.
The minotaur hits you with the +11,+11 morningstar "Eos" {elec, -Tele rElec SInv}!
Ouch! That really hurt!
You die...
Fedhas appreciates your contribution to the ecosystem.

# . # . .
### # # ..
# #.. . .
#.########
#.#.....H#.
#.# # #@# #
#.# #.# .
#.######.#
#.. .....#
# ########
. . . . . .
. #


You could see a minotaur.

Vanquished Creatures
  A flayed ghost (D:8)
  A spiny frog (Lair:1)
  A feature mimic (D:8)
  A komodo dragon (Lair:2)
  6 blink frogs (Lair:1)
  A shadow (D:8)
  A yak (D:9)
  A vampire mosquito (D:8)
  2 hippogriffs
  2 wolves (D:8)
  5 orc warriors
  3 phantoms
  An ice beast (D:4)
  A sky beast (D:7)
  3 centaurs
  2 ogres
  A water moccasin (Lair:1)
  3 giant frogs
  A crocodile (Lair:1)
  Blork the orc (D:6)
  An eye of draining (D:9)
  3 wights (D:9)
  A giant frog zombie (D:5)
  5 crimson imps
  4 jellies
  A quasit (D:8)
  6 hounds
  A giant frog skeleton (D:5)
  9 worker ants
  A centaur skeleton (D:4)
  9 orc priests
  6 orc wizards
  An iguana (D:5)
  An ogre zombie (D:6)
  An ogre skeleton (D:9)
  5 gnolls
  9 adders
  A green rat (D:9)
  A giant centipede (Lair:1)
  2 inept feature mimics
  3 worms
  An adder skeleton (D:6)
  5 oozes
  58 orcs
  16 bats
  A bat skeleton (D:6)
  7 giant cockroaches
  5 goblins
  15 hobgoblins
  6 jackals
  6 quokkas
  A ball python (D:3)
  9 giant geckos
  A giant gecko skeleton (D:4)
  6 giant newts
  2 hobgoblin skeletons
  14 kobolds
  An orc skeleton (D:4)
  16 rats
279 creatures vanquished.

Vanquished Creatures (collateral kills)
  3 orc warriors
  2 blink frogs (Lair:1)
  A hill giant zombie (D:8)
  Grum (D:8)
  2 hill giant skeletons
  3 sky beasts
  An ice beast (D:6)
  An ogre (D:9)
  2 giant frogs
  A water moccasin (D:8)
  2 wights
  2 goliath beetles
  2 crimson imps (D:5)
  A jelly (D:9)
  A giant frog skeleton (D:9)
  An orc priest (D:9)
  An iguana (D:7)
  4 orc wizards
  A hound (D:9)
  2 worker ants
  An ogre skeleton (D:5)
  2 green rats (D:9)
  An adder (D:7)
  A worm (D:8)
  2 oozes (D:9)
  16 orcs
  3 bats (D:9)
  A hobgoblin (D:9)
  A quokka (D:8)
  A kobold (D:8)
  A kobold skeleton (D:6)
  2 rats (D:9)
  A rat skeleton (D:6)
67 creatures vanquished.

Vanquished Creatures (others)
  An oklob plant (D:9)
  An orc wizard (D:8)
  11 wandering mushrooms
  5 fungi (D:9)
  A plant (D:9)
  167 toadstools
186 creatures vanquished.

Grand Total: 532 creatures vanquished

Notes
Turn   | Place    | Note
--------------------------------------------------------------
     0 | D:1      | Badjas, the Demonspawn Hunter, began the quest for the Orb.
     0 | D:1      | Reached XP level 1. HP: 16/16 MP: 0/0
   169 | D:1      | Reached skill level 4 in Bows
   169 | D:1      | Gained mutation: When hurt, damage is shared between your health and your magic reserves. [demonic ancestry]
   169 | D:1      | Reached XP level 2. HP: 22/22 MP: 1/1
   465 | D:1      | Gained mutation: You have a somewhat thin skeletal structure (Dex +2, Stlth). [demonic ancestry]
   465 | D:1      | Reached XP level 3. HP: 27/27 MP: 2/2
   580 | D:2      | Reached skill level 1 in Stealth
   611 | D:2      | Learned a level 2 spell: Stoneskin
   887 | D:2      | Found a bloodstained altar of Trog.
  1473 | D:3      | Reached skill level 1 in Transmutations
  1473 | D:3      | Gained mutation: You have a moderately thin skeletal structure (Dex +4, Str -1, Stlth). [demonic ancestry]
  1473 | D:3      | Reached XP level 4. HP: 28/33 MP: 3/3
  1570 | D:3      | Noticed a centaur
  1653 | D:3      | Killed a centaur
  1653 | D:3      | Reached XP level 5. HP: 2/38 MP: 0/4
  1978 | D:3      | Found a blossoming altar of Fedhas.
  1999 | D:3      | Became a worshipper of Fedhas Madash
  2431 | D:3      | Reached skill level 5 in Bows
  2700 | D:4      | Gained mutation: You have sharp toenails. [demonic ancestry]
  2700 | D:4      | Reached XP level 6. HP: 44/44 MP: 5/5
  2703 | D:4      | Found a staircase to the Ecumenical Temple.
  2783 | D:4      | Acquired Fedhas' first power
  2889 | Temple   | Entered the Ecumenical Temple
  3698 | D:5      | Entered Level 5 of the Dungeon
  3893 | D:5      | Reached XP level 7. HP: 32/49 MP: 0/6
  4743 | D:5      | Acquired Fedhas' second power
  4891 | D:5      | Reached skill level 6 in Bows
  5304 | D:6      | Reached skill level 1 in Spellcasting
  5340 | D:6      | Reached XP level 8. HP: 25/56 MP: 6/10
  5578 | D:6      | Noticed Blork the orc
  5586 | D:6      | Killed Blork the orc
  5888 | D:6      | Reached skill level 7 in Bows
  6214 | D:7      | Found Awawk's Distillery.
  6255 | D:7      | Got a polished flail
  6268 | D:7      | Bought a potion of curing for 26 gold pieces
  6268 | D:7      | Bought 2 potions of heal wounds for 78 gold pieces
  6536 | D:7      | Reached skill level 1 in Earth Magic
  6688 | D:7      | Reached skill level 5 in Transmutations
  7126 | D:8      | Reached XP level 9. HP: 61/61 MP: 16/16
  7323 | D:8      | Killed a statue mimic
  7499 | D:8      | Found an iron altar of Okawaru.
  7499 | D:8      | Noticed a flayed ghost
  7510 | D:8      | Killed a flayed ghost
  7524 | D:8      | Found a glowing silver altar of Zin.
  7590 | D:8      | Noticed Grum
  7601 | D:8      | Reached skill level 8 in Bows
  7601 | D:8      | Reached skill level 1 in Invocations
  7618 | D:8      | Killed Grum
  7841 | D:8      | Reached skill level 5 in Spellcasting
  8632 | D:8      | Gained mutation: You have razor-sharp toenails. [demonic ancestry]
  8632 | D:8      | Reached XP level 10. HP: 47/67 MP: 20/20
  9263 | D:9      | Found a staircase to the Orcish Mines.
  9605 | D:9      | Acquired Fedhas' third power
  9986 | D:9      | Found a staircase to the Lair.
 10929 | Lair:1   | Entered Level 1 of the Lair of Beasts
 11104 | Lair:1   | Acquired Fedhas' fourth power
 11268 | Lair:1   | Reached skill level 9 in Bows
 11296 | Lair:1   | Got a flickering tin ring
 11446 | Lair:1   | Reached skill level 5 in Invocations
 11620 | Lair:1   | Found a dark tunnel.
 11801 | Lair:1   | Reached skill level 5 in Stealth
 12445 | D:9      | Was placed under penance by Fedhas
 13020 | D:5      | Gained mutation: You have an unnaturally thin skeletal structure (Dex +6, Str -2, Stlth). [demonic ancestry]
 13020 | D:5      | Reached XP level 11. HP: 48/72 MP: 21/24
 13069 | D:4      | Reached skill level 1 in Evocations
 13700 | D:6      | Learned a level 3 spell: Static Discharge
 14758 | D:8      | Reached skill level 1 in Unarmed Combat
 16771 | Lair:2   | Found a labyrinth entrance.
 16778 | Lair:2   | Noticed a five-headed hydra
 16784 | Lab      | Entered a labyrinth
 17141 | Lab      | Noticed a minotaur
 17171 | Lab      | Learned a level 5 spell: Blade Hands
 17303 | Lab      | Mangled by a minotaur

Action                   |  1- 3 |  4- 6 |  7- 9 | 10-12 || total
-------------------------+-------+-------+-------+-------++-------
Melee: Bow               |       |       |     1 |       ||     1
       Quarterstaff      |       |       |       |    39 ||    39
       Blowgun           |       |       |       |     3 ||     3
       Unarmed           |       |       |       |   482 ||   482
       Mace              |       |       |       |     5 ||     5
 Fire: Bow               |   103 |   154 |   409 |   331 ||   997
       Blowgun           |       |       |       |    14 ||    14
Throw: Throwing net      |       |       |     1 |       ||     1
       Stone             |       |       |       |    13 ||    13
 Cast: Stoneskin         |       |     4 |    10 |    26 ||    40
       Blade Hands       |       |       |       |     1 ||     1
Invok: Evolution         |       |       |     7 |     5 ||    12
       Sunlight          |       |       |     1 |       ||     1
Evoke: Wand              |       |       |       |    47 ||    47
  Use: Scroll            |       |     2 |       |    19 ||    21
       Potion            |       |       |     1 |     6 ||     7
 Stab: Confused          |       |       |       |     9 ||     9
       Sleeping          |       |       |       |     3 ||     3
       Paralysed         |       |       |       |    10 ||    10
